 Dungeon Crawl Stone Soup version 0.22.1-1-ga44c0e5 (webtiles) character file.

56737 greentea the Warrior (level 14, -4/147 HPs)
             Began as a Minotaur Berserker on Sept 30, 2018.
             Was a High Priest of Trog.
             Slain by a fire elemental (10 damage)
             ... on level 2 of the Orcish Mines.
             The game lasted 01:47:00 (27119 turns).

greentea the Warrior (Minotaur Berserker)          Turns: 27119, Time: 01:47:01

Health: -4/147     AC: 20    Str: 25    XL:     14   Next: 43%
Magic:  13/13      EV: 10    Int:  6    God:    Trog [*****.]
Gold:   1711       SH:  0    Dex: 12    Spells: 13/13 levels left

rFire    . . .     SeeInvis .   D - +3 war axe (elec)
rCold    . . .     Gourm    +   (no shield)
rNeg     + . .     Faith    .   G - +3 plate armour
rPois    .         Spirit   .   (helmet restricted)
rElec    .         Reflect  .   L - scarf {repulsion}
rCorr    .         Harm     .   Z - +0 pair of gloves
MR       +++..                  S - +0 pair of boots
Stlth    ..........             s - amulet of the gourmand
HPRegen  1.34/turn              l - +2 ring of intelligence
MPRegen  0.13/turn              r - ring of positive energy

@: regenerating, repel missiles
A: retaliatory headbutt, horns 2
a: Berserk, Trog's Hand, Brothers in Arms, Renounce Religion


You were on level 2 of the Orcish Mines.
You worshipped Trog.
Trog was extremely pleased with you.
You were full.

You visited 3 branches of the dungeon, and saw 21 of its levels.
You also visited: Sewer, Bailey and Volcano.

You collected 1919 gold pieces.
You spent 208 gold pieces at shops.

Inventory:

Hand Weapons
 x - a +4 scimitar of flaming
 A - the +0 hand axe of the Depths {protect, rN+ Str+7 Dex-2}
   (You bought it in a shop on level 5 of the Dungeon)

   It protects the one who uses it against injury (+AC on strike).
   It affects your strength (+7).
   It affects your dexterity (-2).
   It protects you from negative energy.
 D - a +3 war axe of electrocution (weapon)
 X - a +1 battleaxe of flaming
Missiles
 d - 375 stones (quivered)
Armour
 h - a +1 shield
 G - a +3 plate armour (worn)
 L - a scarf of repulsion (worn)
 S - a +0 pair of boots (worn)
 Z - a +0 pair of gloves (worn)
Jewellery
 a - an uncursed amulet of the acrobat
 b - an uncursed amulet of faith
 l - a +2 ring of intelligence (left hand)
 r - a ring of positive energy (right hand)
 s - an amulet of the gourmand (around neck)
 H - an uncursed amulet of harm {unknown}
 U - a cursed amulet of inaccuracy {unknown}
Wands
 e - a wand of flame (47)
 n - a wand of iceblast (23)
 t - a wand of digging (24)
 u - a wand of disintegration (12)
 y - a wand of paralysis (18)
 C - a wand of scattershot (5)
 E - a wand of random effects (53)
 M - a wand of acid (5)
 P - a wand of clouds (7)
Scrolls
 w - a scroll of vulnerability {unknown}
 z - 13 scrolls of teleportation
 F - 11 scrolls of remove curse
 I - 2 scrolls of fog
 J - 3 scrolls of enchant weapon
 O - 3 scrolls of enchant armour
 Q - 3 scrolls of magic mapping
 W - a scroll of summoning {unknown}
 Y - 2 scrolls of blinking
Potions
 f - a potion of brilliance
 g - 2 potions of mutation
 i - 10 potions of curing
 j - 2 potions of might
 k - a potion of resistance {unknown}
 m - 2 potions of cancellation
 o - a potion of haste
 p - 3 potions of magic
 q - 9 potions of flight
 v - a potion of ambrosia {unknown}
 B - 2 potions of berserk rage {unknown}
 K - 2 potions of invisibility
 N - 3 potions of agility {unknown}
Comestibles
 c - 37 rations


   Skills:
 * Level 19.9 Fighting
 + Level 14.0 Axes
   Level 0.6(9.3) Polearms
 - Level 9.2 Armour
 - Level 7.5 Dodging
 - Level 11.9 Shields


You had 13 spell levels left.
You didn't know any spells.
Your spell library was empty.

Dungeon Overview and Level Annotations

Branches:
Dungeon (13/15)            Temple (0/1) D:7            Lair (6/6) D:10
  Swamp (0/4) Lair:3       Spider (0/4) Lair:2        Slime (0/5) Lair:6
    Orc (2/2) D:9             Elf (0/3) Orc:2        Vaults (0/5) D:13

Altars:
Hepliaklqana
Beogh
Jiyva

Shops:
D:5 *   D:8 [   D:10 (   D:12 *   Orc:1 [

Annotations:
Lair:5 exclusion: oklob plant


Innate Abilities, Weirdness & Mutations

You reflexively headbutt those who attack you in melee.
You have a pair of horns on your head.


Message History

* * * LOW HITPOINT WARNING * * *
A fire elemental comes into view.
The fire elemental hits you. The fire elemental burns you!
* * * LOW HITPOINT WARNING * * *
There is a rocky tunnel leading out of this place here.
The fire elemental hits you.
* * * LOW HITPOINT WARNING * * *
The fire elemental burns you!
* * * LOW HITPOINT WARNING * * *
The fire elemental misses you.
Welcome back to the Orcish Mines!
There is a collapsed entrance here.
You closely miss the fire elemental. You headbutt the fire elemental.
The fire elemental is almost destroyed.
The fire elemental hits you. The fire elemental burns you!
* * * LOW HITPOINT WARNING * * *
You hit the fire elemental but do no damage.
The fire elemental is almost destroyed.
The fire elemental hits you. The fire elemental burns you!
You die...

... # ... .# ..... ..#
....≈. . #..##
...$≈≈#. #....#
...#..§###...... .
#....≈.@.#..#..
#.#.#§≈§#.E......
#...§§....≈≈....
#..≈#....#.≈...
####.§...........
#..<§.$[#..#....#
#....##)).......#
#....).#.....#...
##...).##....##..##...


You could see a fire elemental.

Vanquished Creatures
  Rupert (D:13)
  Nessos (D:12)
  8 hydras
  8 vault guards (D:13)
  A catoblepas (Lair:6)
  3 two-headed ogres
  A deep troll shaman (Lair:6)
  5 death yaks (Lair:6)
  A skeletal warrior (D:11)
  3 orc knights
  An orb spider (Lair:2)
  2 cyclopes
  Pikel (D:4)
  2 toenail golems (Volcano)
  3 black mambas
  10 elephants
  A molten gargoyle (Volcano)
  5 spiny frogs
  A centaur skeleton (D:10)
  A kobold demonologist (D:11)
  2 rime drakes
  11 komodo dragons
  An efreet (Volcano)
  3 trolls
  2 polar bears
  A hornet (D:11)
  11 hippogriffs
  8 blink frogs
  A slime creature (D:11)
  Sigmund (D:5)
  20 yaks
  3 wyverns
  A fire elemental (Volcano)
  A wraith (D:12)
  5 basilisks
  4 vampire mosquitoes
  3 hungry ghosts
  3 wargs
  A soldier ant (D:11)
  Duvessa (D:7)
  8 water moccasins
  10 porcupines
  2 ice beasts
  13 orc warriors
  3 sky beasts
  3 black bears
  12 wolves
  11 ogres
  11 crocodiles
  A centaur (D:7)
  3 big kobolds
  3 earth elementals (Volcano)
  11 bullfrogs
  Dowan (D:7)
  4 scorpions
  17 killer bees
  6 howler monkeys
  2 crimson imps
  A bullfrog zombie (D:6)
  2 centaur zombies
  22 orc priests
  5 hounds
  6 jellies
  A gnoll shaman (D:4)
  A bullfrog skeleton (D:7)
  3 iguanas
  21 orc wizards
  9 worker ants
  2 hound zombies
  A worker ant zombie (D:11)
  A howler monkey skeleton (D:7)
  15 gnolls
  9 adders
  A river rat (Sewer)
  5 shadow imps
  15 oozes
  An adder zombie (D:5)
  An adder skeleton (D:4)
  3 worms
  A dart slug (D:3)
  5 leopard geckos
  89 orcs
  5 giant cockroaches
  10 hobgoblins
  10 jackals
  12 kobolds
  4 quokkas
  A ball python (D:3)
  4 bats
  4 frilled lizards
  15 goblins
  A leopard gecko skeleton (D:3)
  A quokka skeleton (D:9)
  13 rats
  2 bushes
  5 fungi
  5 plants
575 creatures vanquished.

Vanquished Creatures (collateral kills)
  An orc knight (Bailey)
  2 orc priests (D:5)
  An orc wizard (D:5)
  A gnoll (Bailey)
5 creatures vanquished.

Vanquished Creatures (others)
  3 slaves (D:4)
  2 gnolls (D:4)
  An orc (D:3)
  9 fungi
  3 plants (Lair:6)
18 creatures vanquished.

Grand Total: 598 creatures vanquished

Notes
Turn   | Place    | Note
-------+----------+-------------------------------------------
     0 | D:1      | greentea the Minotaur Berserker began the quest for the
                  | Orb.
     0 | D:1      | Reached XP level 1. HP: 19/19 MP: 0/0
    84 | D:1      | Reached skill level 4 in Fighting
   563 | D:1      | Reached XP level 2. HP: 12/28 MP: 1/1
  1160 | D:2      | Reached skill level 1 in Shields
  1223 | D:2      | Reached XP level 3. HP: 32/35 MP: 2/2
  1478 | D:2      | Reached ** piety under Trog
  1484 | D:2      | Reached skill level 5 in Fighting
  1697 | D:2      | Reached XP level 4. HP: 42/42 MP: 3/3
  2056 | D:3      | Found a glowing drain.
  2060 | Sewer    | Entered a sewer
  2205 | Sewer    | Noticed a big kobold
  2226 | Sewer    | Killed a big kobold
  2226 | Sewer    | Reached XP level 5. HP: 49/50 MP: 4/4
  2278 | Sewer    | Reached skill level 6 in Fighting
  2308 | Sewer    | Found a white marble altar of Elyvilon.
  2555 | D:3      | Reached *** piety under Trog
  3033 | D:4      | Reached XP level 6. HP: 58/58 MP: 5/5
  3102 | D:4      | Reached skill level 5 in Shields
  3109 | D:4      | Reached skill level 7 in Fighting
  3219 | D:4      | Noticed Pikel
  3219 | D:4      | Noticed a slave
  3219 | D:4      | Noticed a slave
  3219 | D:4      | Noticed a slave
  3219 | D:4      | Noticed a slave
  3237 | D:4      | Killed Pikel
  3237 | D:4      | Reached skill level 8 in Fighting
  3237 | D:4      | Reached XP level 7. HP: 52/68 MP: 6/6
  3751 | D:4      | Reached XP level 8. HP: 66/77 MP: 7/7
  3849 | D:4      | Reached skill level 9 in Fighting
  4075 | D:5      | Entered Level 5 of the Dungeon
  4134 | D:5      | Reached **** piety under Trog
  4533 | D:5      | Found Kepa Bio's Assorted Antiques.
  4925 | D:5      | Bought an ancient hand axe for 208 gold pieces
  4925 | D:5      | Identified the cursed +0 hand axe of the Depths {protect,
                  | rN+ Str+7 Dex-2} (You bought it in a shop on level 5 of the
                  | Dungeon)
  5009 | D:5      | Noticed Sigmund
  5018 | D:5      | Killed Sigmund
  5018 | D:5      | Reached skill level 10 in Fighting
  5346 | D:6      | Reached XP level 9. HP: 62/86 MP: 8/8
  5714 | D:6      | Reached skill level 5 in Axes
  6026 | D:6      | Reached skill level 11 in Fighting
  6432 | D:7      | Found a staircase to the Ecumenical Temple.
  6649 | D:7      | Noticed Dowan
  6649 | D:7      | Noticed Duvessa
  6658 | D:7      | Killed Dowan
  6666 | D:7      | Killed Duvessa
  6795 | D:7      | Reached skill level 12 in Fighting
  7085 | D:8      | Found Kuog's Antique Armour Shop.
  7825 | D:9      | Reached XP level 10. HP: 99/99 MP: 9/9
  8012 | D:8      | Reached ***** piety under Trog
  8149 | D:9      | Reached skill level 13 in Fighting
  8401 | D:9      | Found a staircase to the Orcish Mines.
  8726 | D:9      | Found a hazy altar of Hepliaklqana.
  9060 | D:10     | Entered Level 10 of the Dungeon
  9311 | D:10     | Found a staircase to the Lair.
  9328 | D:10     | Reached skill level 14 in Fighting
  9441 | D:10     | Found Xozom's Weapon Shop.
  9505 | D:10     | Found a flagged portal.
  9526 | Bailey   | Entered a bailey
  9564 | Bailey   | Noticed an orc knight
  9564 | Bailey   | Noticed an orc knight
  9565 | Bailey   | Found an iron altar of Okawaru.
  9575 | Bailey   | Killed an orc knight
  9579 | Bailey   | Killed an orc knight
  9959 | D:10     | Reached XP level 11. HP: 108/111 MP: 10/10
 10315 | D:11     | Reached skill level 15 in Fighting
 10440 | D:11     | Noticed a two-headed ogre
 10453 | D:11     | Killed a two-headed ogre
 10453 | D:11     | Reached skill level 10 in Axes
 11112 | D:11     | Found a runed door.
 11793 | D:11     | Noticed an eight-headed hydra
 11793 | D:11     | Noticed a two-headed ogre
 11793 | D:11     | Noticed a skeletal warrior
 11804 | D:11     | Killed a two-headed ogre
 11804 | D:11     | Reached skill level 16 in Fighting
 11828 | D:11     | Killed a skeletal warrior
 11836 | D:11     | HP: 3/114 [eight-headed hydra (10)]
 13041 | D:11     | Killed an eight-headed hydra
 13299 | D:11     | Found a runed door.
 13389 | D:12     | Noticed Nessos
 13406 | D:12     | Killed Nessos
 13406 | D:12     | Reached skill level 5 in Armour
 13930 | D:12     | Reached XP level 12. HP: 122/124 MP: 11/11
 14096 | D:12     | Received a gift from Trog
 14252 | D:12     | Found Ujiqifid's General Store.
 14632 | D:13     | Noticed a vault guard
 14632 | D:13     | Noticed a vault guard
 14632 | D:13     | Noticed a vault guard
 14633 | D:13     | Found a gate to the Vaults.
 14633 | D:13     | Noticed a vault guard
 14633 | D:13     | Noticed a vault guard
 14633 | D:13     | Noticed a vault guard
 14633 | D:13     | Noticed a vault guard
 14634 | D:13     | Noticed a vault guard
 14649 | D:13     | Killed a vault guard
 14649 | D:13     | Reached skill level 17 in Fighting
 14660 | D:13     | Killed a vault guard
 14689 | D:13     | Killed a vault guard
 14689 | D:13     | Reached skill level 10 in Shields
 14710 | D:13     | Killed a vault guard
 14724 | D:13     | Killed a vault guard
 14762 | D:13     | Killed a vault guard
 14781 | D:13     | Killed a vault guard
 15024 | D:13     | Killed a vault guard
 15184 | D:13     | Noticed Rupert
 15214 | D:13     | Killed Rupert
 15214 | D:13     | Reached skill level 5 in Dodging
 15802 | Lair:1   | Entered Level 1 of the Lair of Beasts
 15925 | Lair:1   | Noticed a four-headed hydra
 15937 | Lair:1   | Killed a four-headed hydra
 16353 | Lair:1   | Noticed an eight-headed hydra
 16370 | Lair:1   | Killed an eight-headed hydra
 16370 | Lair:1   | Reached XP level 13. HP: 69/134 MP: 12/12
 16904 | Lair:1   | Reached skill level 18 in Fighting
 17539 | Lair:2   | Found a hole to the Spider Nest.
 18723 | Lair:3   | Found a staircase to the Swamp.
 20318 | Lair:4   | You fall through a shaft!
 20355 | Lair:5   | HP: 6/135 [black mamba (2)]
 21260 | Lair:5   | Identified a scroll of acquirement
 21375 | Lair:5   | Received a gift from Trog
 22217 | Lair:6   | Entered Level 6 of the Lair of Beasts
 22271 | Lair:6   | Found a viscous altar of Jiyva.
 22272 | Lair:6   | Found a staircase to the Slime Pits.
 22528 | Lair:6   | Found a labyrinth entrance.
 22994 | Lair:6   | Reached skill level 19 in Fighting
 23139 | Lair:6   | Reached XP level 14. HP: 99/146 MP: 13/13
 23677 | Lair:6   | HP: 7/146 [death yak (2)]
 25370 | Lair:5   | Received a gift from Trog
 25721 | Orc:1    | Entered Level 1 of the Orcish Mines
 25880 | Orc:1    | Found Barghah's Armour Shoppe.
 26028 | Orc:1    | Found a roughly hewn altar of Beogh.
 26204 | Orc:2    | Entered Level 2 of the Orcish Mines
 26226 | Orc:2    | Found a staircase to the Elven Halls.
 26442 | Orc:2    | Found a dark tunnel.
 26473 | Volcano  | Entered a volcano
 27116 | Volcano  | HP: 7/147 [fire elemental (3)]
 27119 | Orc:2    | Slain by a fire elemental

Skill      XL: |  1  2  3  4  5  6  7  8  9 10 11 12 13 14 |
---------------+-------------------------------------------+-----
Fighting       | 4 5 6 8 10 12 14 16 17 19 | 19.9
Shields        | 1 2 3 4 6 7 9 10 11 | 11.9
Axes           | 4 7 9 11 12 13 14 | 14.0
Armour         | 3 4 5 7 9 |  9.2
Dodging        | 3 5 7 |  7.5
Polearms       | |  0.6

Action                   |  1- 3 |  4- 6 |  7- 9 | 10-12 | 13-15 || total
-------------------------+-------+-------+-------+-------+-------++-------
Melee: Hand axe          |    83 |   162 |   401 |   806 |   267 ||  1719
       Headbutt          |    10 |    34 |    92 |   269 |   185 ||   590
       Spear             |       |       |       |    52 |       ||    52
       Battleaxe         |       |       |       |       |   222 ||   222
       War axe           |       |       |       |       |   127 ||   127
Throw: Stone             |       |    16 |     3 |       |       ||    19
Invok: Trog's Hand       |       |     1 |     3 |    11 |    11 ||    26
       Berserk           |       |     1 |     1 |     4 |       ||     6
       Brothers in Arms  |       |       |     1 |     3 |       ||     4
Evoke: Wand              |       |       |       |     2 |       ||     2
  Use: Scroll            |       |     4 |    11 |     7 |    11 ||    33
       Potion            |       |       |     1 |     2 |     7 ||    10
 Stab: Petrified         |       |       |       |       |    10 ||    10
  Eat: Chunk             |     2 |     4 |    29 |    30 |    21 ||    86
       Ration            |       |     1 |       |     3 |     6 ||    10
Armor: Leather armour    |     1 |       |       |       |       ||     1
       Ring mail         |    13 |    51 |    89 |       |       ||   153
       Plate armour      |       |       |    61 |   403 |   391 ||   855
Dodge: Dodged            |    25 |    48 |   109 |   207 |   282 ||   671
       Deflected         |       |       |       |    17 |    10 ||    27
Block: Shield            |    30 |    67 |   269 |   523 |   179 ||  1068
